 Dungeon Crawl Stone Soup version 0.21-a0-498-g1b60429 (webtiles) character file.

100 Megalobster the Conjurer (level 4, -2/24 HPs)
             Began as a Deep Elf Conjurer on Nov 24, 2017.
             Killed by nerve-wracking pain
             ... invoked by Grinder
              (8 damage)
             ... on level 3 of the Dungeon.
             The game lasted 00:08:08 (1987 turns).

Megalobster the Conjurer (Deep Elf Conjurer)        Turns: 1987, Time: 00:08:12

Health: -2/24      AC:  4    Str:  2 (5)  XL:     4   Next: 47%
Magic:  7/12       EV: 13    Int: 19 (21) God:
Gold:   137        SH:  0    Dex: 13 (15) Spells: 0/11 levels left

rFire    . . .     SeeInvis .   k - +0 dagger (flame)
rCold    . . .     Gourm    .   (no shield)
rNeg     . . .     Faith    .   a - +0 robe
rPois    .         Spirit   .   f - +0 helmet
rElec    .         Reflect  .   (no cloak)
rCorr    .         Harm     .   d - +0 pair of gloves
MR       .....                  (no boots)
Stlth    ++........             (no amulet)
HPRegen  0.08/turn              (no ring)
MPRegen  0.13/turn              (no ring)

@: no status effects
A: no striking features
a: no special abilities


You were on level 3 of the Dungeon.
You were not hungry.

You visited 1 branch of the dungeon, and saw 3 of its levels.

You collected 137 gold pieces.

Inventory:

Hand Weapons
 k - a +0 dagger of flaming (weapon)
 m - a +1 short sword of holy wrath
 p - a +0 dagger of pain
Armour
 a - a +0 robe (worn)
 d - a +0 pair of gloves (worn)
 f - a +0 helmet (worn)
Wands
 j - a wand of scattershot (3)
Scrolls
 e - a scroll of teleportation
 i - 2 scrolls of identify
 l - 2 scrolls of remove curse {unknown}
 o - a scroll of fog {unknown}
 q - a scroll of immolation {unknown}
 s - a scroll of magic mapping {unknown}
 t - a scroll of amnesia {unknown}
Potions
 g - a potion of curing
Books
 b - a book of Conjurations

   Spells                             Type                      Level
   a - Magic Dart                     Conjuration                  1
   b - Searing Ray                    Conjuration                  2
   c - Dazzling Spray                 Conjuration/Hexes            3
   d - Fulminant Prism                Conjuration/Hexes            4
   e - Force Lance                    Conjuration/Translocation    4
   f - Iskenderun's Mystic Blast      Conjuration                  4
Comestibles
 c - 4 bread rations
 h - 2 chunks of flesh
 r - a royal jelly


   Skills:
 + Level 0.3 Fighting
 + Level 2.5 Dodging
 - Level 2.4 Stealth
 + Level 4.3 Spellcasting
 * Level 5.7 Conjurations
 * Level 0.7 Translocations


You couldn't memorise any spells.
You knew the following spells:

 Your Spells              Type           Power        Failure   Level  Hunger
a - Magic Dart            Conj           ####         1%          1    None
b - Searing Ray           Conj           ####..       1%          2    #......
c - Iskenderun's Mystic   Conj           ####....     12%         4    ####...
d - Force Lance           Conj/Tloc      ###.....     34%         4    ####...


Dungeon Overview and Level Annotations

Branches:
Dungeon (3/15)

Altars:

Annotations:
D:3 Grinder


Message History

* * * LOW HITPOINT WARNING * * *
As you read the scroll labeled NITEJI EFOGH, it crumbles to dust.
You feel strangely unstable.
It was a scroll of teleportation.
The jackal misses you. Grinder misses you. The jackal barely misses you.
As you read the scroll labeled CEOSAO HAIH, it crumbles to dust.
It is a scroll of identify.
g - a potion of curing Grinder barely misses you.
The jackal bites you.
* * * LOW HITPOINT WARNING * * *
It was a potion of degeneration.
There was something very wrong with that liquid.
You feel weakened.
You feel dopey.
You feel clumsy. The jackal misses you. Grinder misses you.
It was a potion of cancellation.
You feel strangely stable.
You feel magically purged.
Your magical contamination has completely faded away.
Grinder gestures at you. Pain shoots through your body!
You die...

...#
##.##.#.#.###......
#..###..##.....#
#.....<
##h.#.#.####.###
#.####.
.#...%...####.# #.#
#. #..............#
#(# #.
...#.......######
#.# #. ##.......#h#
#.# #. ....#.####h#
#. #####. #@# #. #.
#5# #. #K# #.# #.#
#.# #.# ..#


You could see Grinder, 2 jackals and a kobold.

Vanquished Creatures
  5 adders
  An ooze (D:2)
  2 worms
  2 dart slugs (D:2)
  3 leopard geckos (D:2)
  2 giant cockroaches
  3 goblins
  4 hobgoblins
  A jackal (D:3)
  5 kobolds
  2 quokkas
  2 ball pythons
  2 bats
  A frilled lizard (D:2)
  7 rats
42 creatures vanquished.

Notes
Turn   | Place    | Note
-------+----------+-------------------------------------------
     0 | D:1      | Megalobster the Deep Elf Conjurer began the quest for the Orb.
     0 | D:1      | Reached XP level 1. HP: 10/10 MP: 6/6
   689 | D:1      | Reached XP level 2. HP: 15/15 MP: 6/8
   693 | D:1      | Learned a level 2 spell: Searing Ray
   843 | D:1      | Reached skill level 5 in Conjurations
  1050 | D:2      | Reached XP level 3. HP: 19/19 MP: 0/10
  1507 | D:2      | Reached XP level 4. HP: 23/24 MP: 6/12
  1520 | D:2      | Learned a level 4 spell: Iskenderun's Mystic Blast
  1525 | D:2      | Learned a level 4 spell: Force Lance
  1973 | D:3      | Noticed Grinder
  1974 | D:3      | Paralysed by Grinder for 5 turns
  1987 | D:3      | Killed from afar by Grinder

Vault maps used:
D:1:      matt_arrival_diagonals, minmay_misc_feat_hallway, minivault_19,
          minmay_crystal_room
D:2:      minmay_pentomino_q4
D:3:      first_bread, portal_sewer_entry_e, kennysheep_crisscross,
          uniq_crazy_yiuf_cottage, uniq_grinder

Skill      XL: |  1  2  3 |
---------------+----------+-----
Conjurations   | 5 |  5.7
Spellcasting   | 4 |  4.3
Fighting       | |  0.3
Dodging        | |  2.5
Stealth        | |  2.4
Translocations | |  0.7

Action                   |  1- 3 |  4- 6 || total
-------------------------+-------+-------++-------
Melee: Dagger            |     1 |     1 ||     2
 Cast: Magic Dart        |    63 |    20 ||    83
       Searing Ray       |     5 |     3 ||     8
  Use: Scroll            |       |     2 ||     2
       Potion            |       |     2 ||     2
  Eat: Chunk             |     2 |     1 ||     3
Armor: Robe              |     2 |     5 ||     7
Dodge: Dodged            |    10 |     9 ||    19

Table legend:
 A = Spawn XP
 B = Non-spawn XP
 C = Spawn XP percentage of total XP
 D = Spawn monster count
 E = Non-spawn monster count
 F = Spawn count percentage of total count
 G = Total turns spent on level
                    A         B        C        D         E        F      G
               +---------+---------+-------+---------+---------+-------+---------
         Total |       0 |     144 |   0.0 |       0 |      42 |   0.0 |  1987
               +---------+---------+-------+---------+---------+-------+---------
           D:1 |       0 |      14 |   0.0 |       0 |       9 |   0.0 |   900
           D:2 |       0 |      95 |   0.0 |       0 |      28 |   0.0 |   958
           D:3 |       0 |      35 |   0.0 |       0 |       5 |   0.0 |   129
               +---------+---------+-------+---------+---------+-------+---------
